 Dungeon Crawl Stone Soup version 0.28.0-53-g5a82cb258f (webtiles) character file.

Game seed: 4241028862864248470

223 mortz the Conjurer (level 5, -2/28 HPs)
             Began as a Deep Elf Conjurer on Aug 13, 2022.
             Was an Initiate of Vehumet.
             Slain by an orc
             ... wielding a +0 flail
              (7 damage)
             ... on level 4 of the Dungeon.
             The game lasted 00:16:10 (3683 turns).

mortz the Conjurer (Deep Elf Conjurer)              Turns: 3683, Time: 00:16:11

Health: -2/28      AC:  3    Str:  4    XL:     5   Next: 66%
Magic:  13/13      EV: 12    Int: 25    God:    Vehumet [......]
Gold:   160        SH:  0    Dex: 13    Spells: 6/13 levels left

rFire   . . .      SeeInvis .   d - +0 short sword {short}
rCold   . . .      Faith    .   (no shield)
rNeg    . . .      Spirit   .   a - +0 robe
rPois   +          Reflect  .   o - +0 helmet
rElec   .          Harm     .   (no cloak)
rCorr   .          Rampage  .   (no gloves)
Will    .....                   (no boots)
Stlth   ++........              (no amulet)
HPRegen 0.09/turn               e - ring of poison resistance
MPRegen 0.13/turn               (no ring)

@: no status effects
A: no striking features
a: Renounce Religion


You were on level 4 of the Dungeon.
You worshipped Vehumet.
Vehumet was noncommittal.
You visited 2 branches of the dungeon, and saw 5 of its levels.

You collected 160 gold pieces.


   Skills:
 + Level 1.0 Short Blades
 + Level 2.8 Dodging
 + Level 3.7 Stealth
 + Level 4.5 Spellcasting
 + Level 5.9 Conjurations
 * Level 1.6 Translocations


You had 6 spell levels left.
You knew the following spells:

 Your Spells              Type           Power      Damage    Failure   Level
a - Magic Dart            Conj           100%       1d8       1%          1
b - Searing Ray           Conj           70%        2d7       1%          2
c - Iskenderun's Mystic   Conj/Tloc      24%        2d7       19%         4

Your spell library contained the following spells:

 Spells                   Type           Power      Damage    Failure   Level
 Dazzling Flash           Conj/Hex       40%        N/A       8%          3
 Beastly Appendage        Tmut           10%        N/A       9%          1
 Wereblood                Tmut           5%         N/A       13%         2
 Portal Projectile        Hex/Tloc       18%        N/A       19%         3
 Spider Form              Tmut/Pois      5%         N/A       26%         3
 Fulminant Prism          Conj/Hex       10%        3d9       26%         4
 Blade Hands              Tmut           2%         N/A       94%         5
 Excruciating Wounds      Necr           2%         N/A       94%         5

Inventory:

Hand Weapons
 d - a +0 short sword (weapon) {short}
   (You took it off a kobold on level 1 of the Dungeon)
 i - a +0 hand axe {axe}
   (You took it off Terence on level 2 of the Dungeon)
 j - a +2 whip of pain {mace}
   (You found it on level 2 of the Dungeon)
 p - a +0 trident {polearm}
   (You took it off an orc priest on level 3 of the Dungeon)
Missiles
 q - 5 poisoned darts {throwing}
Armour
 a - a +0 robe (worn)
 k - a +0 leather armour
   (You found it on level 2 of the Dungeon)
 o - a +0 helmet (worn)
   (You found it on level 3 of the Dungeon)
Jewellery
 e - a ring of poison resistance (left hand)
   (You found it on level 1 of the Dungeon)
Wands
 m - a wand of iceblast (12)
   (You found it on level 3 of the Dungeon)
Scrolls
 b - a scroll of teleportation {@r4}
Potions
 c - a potion of haste {@q3}
 f - a potion of lignification {unknown}
 g - a potion of ambrosia {unknown}
 h - a potion of brilliance {unknown}

Dungeon Overview and Level Annotations

Branches:
Dungeon (4/15)             Temple (1/1) D:4

Altars:
Fedhas
Hepliaklqana
Kikubaaqudgha
Makhleb
Ru
Trog
Uskayaw
Vehumet
Xom
Yredelemnul
The Shining One

........?..g..............
.....#.#.#.##.......#.####
.... #.#.####o#.#.#...# ##
.. . ..# #g#.#.###.# #.#
.....####.#.#.#...######.#
......#........#..........#
#......#....⌠............#.#
...........o.o......#.).#.#
......⌠.@.⌠..#...#.#.#.#
.#...........#...#.#...#
#......⌠....#...#.#.#.#
#....#.#.#..#...#.#.#.#.
#.#.##.#.#..#...#.#.#.#.
#.#. #.#.#..#...#....... #
#. ....#..#.......#.#. #. ##
#.###.#.#. #.....#.


You could see an orc wizard, a gnoll and 2 orcs.


Message History

You take 6 damage, and now have 15/28 hp.
MASSIVE DAMAGE!! (PAUSE) Unknown command.
Casting: Searing Ray (safe; 1% risk of failure)
Confirm with . or Enter, or press ? or * to list all spells.
Aiming: Searing Ray (safe; 1% risk of failure)
Press: ? - help, Shift-Dir - straight line, f - gnoll
Aim: a gnoll, wielding a +0 whip (83% to hit)
The searing ray misses the gnoll. (Press . to maintain the ray.)
The gnoll hits you with a +0 whip.
* * * LOW HITPOINT WARNING * * *
😨 HP[-4] MP[-2]
You take 4 damage, and now have 11/28 hp.
You lost 2 mp, and now have 11/13 mp.
The searing ray hits the gnoll!
The gnoll barely misses you. 😨 MP[-1]
You lost 1 mp, and now have 10/13 mp.
The searing ray hits the gnoll.
You kill the gnoll!
Vehumet accepts your kill. 😨 MP[-1]
You lost 1 mp, and now have 9/13 mp.
Things that are here:
a +0 whip {mace}; a gnoll corpse; 😎 HP[+17] MP[+4]
Your hp is fully restored (28).
Your mp is fully restored (13).
There is a staircase back to the Dungeon, spattered with blood here.
Things that are here:
a +0 whip {mace}; a gnoll corpse
There is a staircase back to the Dungeon, spattered with blood here.
You climb upwards.
Welcome back to the Dungeon!
A gnoll comes into view. It is wielding a +0 halberd.
The gnoll hits you from afar with a +0 spear.
There is a staircase to the Ecumenical Temple, spattered with blood here. 😕 HP[-3]
You take 3 damage, and now have 25/28 hp.
Casting: Searing Ray (safe; 1% risk of failure)
Confirm with . or Enter, or press ? or * to list all spells.
Aiming: Searing Ray (safe; 1% risk of failure)
Press: ? - help, Shift-Dir - straight line, f - gnoll
Aim: a gnoll, wielding a +0 spear (83% to hit)
Okay, then.
The gnoll hits you from afar with a +0 spear. 😕 HP[-3]
You take 3 damage, and now have 22/28 hp.
The gnoll hits you from afar with a +0 spear! 😮 HP[-7]
You take 7 damage, and now have 15/28 hp.
MASSIVE DAMAGE!! (PAUSE)
The orc wizard points at you and mumbles some strange words.
The magic dart hits you.
* * * LOW HITPOINT WARNING * * *
😨 HP[-3]
You take 3 damage, and now have 12/28 hp. 😨 HP[+1]
Casting: Searing Ray (safe; 1% risk of failure)
Confirm with . or Enter, or press ? or * to list all spells.
Aiming: Searing Ray (safe; 1% risk of failure)
Press: ? - help, Shift-Dir - straight line
Okay, then.
Casting: Searing Ray (safe; 1% risk of failure)
Confirm with . or Enter, or press ? or * to list all spells.
Aiming: Searing Ray (safe; 1% risk of failure)
Press: ? - help, Shift-Dir - straight line, f - gnoll
Aim: a gnoll, wielding a +0 spear (83% to hit)
The searing ray hits the gnoll. (Press . to maintain the ray.)
The gnoll hits you from afar with a +0 spear!
* * * LOW HITPOINT WARNING * * *
😱 HP[-8] MP[-2]
You take 8 damage, and now have 5/28 hp.
MASSIVE DAMAGE!! (PAUSE)
You lost 2 mp, and now have 11/13 mp.
The searing ray hits the gnoll!
The gnoll hits you from afar with a +0 spear.
* * * LOW HITPOINT WARNING * * *
😱 HP[-4] MP[-1]
You take 4 damage, and now have 1/28 hp.
You lost 1 mp, and now have 10/13 mp.
An orc wizard comes into view. It is wielding a +0 dagger.
The orc wizard gestures wildly while chanting.
The orc wizard flickers and vanishes!
Deactivating autopickup; reactivate with Ctrl-A. 😱 MP[+1] 😱 HP[+1] 😱 MP[+1]
You see here a wand of flame (10). 😱 HP[+1] 😱 MP[+1]
Your mp is fully restored (13). 😱 HP[+1] 😱 HP[+1]
An orc comes into view. It is wielding a +0 flail.
An orc comes into view. It is wielding a +0 falchion.
The orc shouts! x2
The orc closely misses you.
There is a staircase to the Ecumenical Temple, spattered with blood here.
You can't go up here!
The orc hits you with a +0 flail!
You die...

Skill      XL: |  1  2  3  4  5 |
---------------+----------------+-----
Conjurations   | 5 |  5.9
Spellcasting   | 4 |  4.5
Stealth        | 3 |  3.7
Translocations | 1 |  1.6
Short Blades   | 1 |  1.0
Dodging        | |  2.8

Action                   |  1- 3 |  4- 6 || total
-------------------------+-------+-------++-------
Melee: Short sword       |     4 |     1 ||     5
 Cast: Magic Dart        |    29 |    22 ||    51
       Searing Ray       |    12 |    22 ||    34
  Use: Scroll            |       |     8 ||     8
 Stab: Sleeping          |     4 |     1 ||     5
Armor: Robe              |     1 |       ||     1
Dodge: Dodged            |     3 |    17 ||    20

Levels and vault maps discovered:
D:1:      erik_arrival_triangle_huge, layout_loops_ring,
          hellmonk_ecumenical_altar_arch_garden
D:2:      wad_lake_hut, layout_basic, uniq_terence
D:3:      layout_rooms, grunt_ministairs_6, st_stairs_10, serial_park_tiny_1
D:4:      layout_basic, temple_fountains, grunt_decor_resistance,
          nicolae_shop_dragon_depot, sigmund_army
Temple:   minmay_freezing_vapour_temple

Notes
Turn   | Place    | Note
-------+----------+-------------------------------------------
     0 | D:1      | mortz the Deep Elf Conjurer began the quest for the Orb.
     0 | D:1      | Reached XP level 1. HP: 10/10 MP: 6/6
     0 | D:1      | magus.rc [v1.9.6]
   256 | D:1      | Reached XP level 2. HP: 15/15 MP: 2/8
   259 | D:1      | Learned a level 2 spell: Searing Ray
   345 | D:1      | You pick up a book of Changes and begin reading...
   345 | D:1      | You add the spells Beastly Appendage, Wereblood and Spider
                  | Form to your library.
   393 | D:1      | Found a faded altar of an unknown god.
   614 | D:1      | Reached skill level 5 in Conjurations
  1137 | D:2      | Reached XP level 3. HP: 19/19 MP: 3/9
  1267 | D:2      | Noticed Terence
  1275 | D:2      | Killed Terence
  1531 | D:2      | Reached XP level 4. HP: 24/24 MP: 3/11
  1545 | D:2      | Learned a level 4 spell: Iskenderun's Mystic Blast
  1784 | D:2      | Reached skill level 4 in Spellcasting
  1797 | D:2      | Reached skill level 3 in Stealth
  2624 | D:3      | Reached XP level 5. HP: 28/28 MP: 6/13
  2641 | D:3      | You pick up a book of Weapons and begin reading...
  2641 | D:3      | You add the spells Portal Projectile, Excruciating Wounds
                  | and Blade Hands to your library.
  2734 | D:3      | Reached skill level 1 in Translocations
  2934 | D:3      | Reached skill level 1 in Short Blades
  3282 | D:4      | Found a staircase to the Ecumenical Temple.
  3291 | Temple   | Entered the Ecumenical Temple
  3296 | Temple   | Became a worshipper of Vehumet
  3634 | D:4      | HP: 5/28 [gnoll/+0 spear (8)]
  3635 | D:4      | HP: 1/28 [gnoll/+0 spear (4)]
  3683 | D:4      | Slain by an orc

Vanquished Creatures
  An orc priest (D:3)
  Terence (D:2)
  An orc wizard (D:3)
  2 gnolls (Temple)
  A howler monkey skeleton (D:2)
  4 adders
  A white imp (D:3)
  2 worms (D:2)
  6 dart slugs
  2 orcs (D:3)
  7 ball pythons
  2 bats (D:1)
  2 endoplasms
  2 giant cockroaches
  3 hobgoblins
  5 jackals
  4 quokkas
  2 frilled lizards
  A goblin (D:2)
  6 kobolds
  3 rats
58 creatures vanquished.

Vanquished Creatures (others)
  9 plants (D:2)
9 creatures vanquished.

Grand Total: 67 creatures vanquished

Table legend:
 A = Non-vault XP
 B = Vault XP
 C = Vault XP percentage of total XP
 D = Non-vault monster count
 E = Vault monster count
 F = Vault count percentage of total count
                 A         B        C        D         E       F
            +---------+---------+-------+---------+---------+-------
      Total |     274 |      45 |  14.1 |      52 |       6 |  10.3
            +---------+---------+-------+---------+---------+-------
        D:1 |      28 |       0 |   0.0 |      14 |       0 |   0.0
        D:2 |      90 |      39 |  30.2 |      24 |       3 |  11.1
        D:3 |     125 |       6 |   4.6 |      11 |       3 |  21.4
        D:4 |       2 |       0 |   0.0 |       1 |       0 |   0.0
     Temple |      29 |       0 |   0.0 |       2 |       0 |   0.0
            +---------+---------+-------+---------+---------+-------

Illustrated notes

Table legend:
 A = Kills in this place as a percentage of kills in entire the game.
 B = Kills by you in this place as a percentage of kills by you in the entire game.
 C = Kills by friends in this place as a percentage of kills by friends in the entire game.
 D = Other kills in this place as a percentage of other kills in the entire game.
 E = Experience gained in this place as a percentage of experience gained in the entire game.
 F = Experience gained in this place divided by the number of levels of this place that you have seen.
                   A       B       C       D       E      F
               +-------+-------+-------+-------+-------+----------------------
         Total | 100.0 | 100.0 |   N/A |   N/A | 100.0 |  63.8
       Dungeon |  96.6 |  96.6 |   N/A |   N/A |  90.9 |  72.5
        Temple |   3.4 |   3.4 |   N/A |   N/A |   9.1 |  29.0
               +-------+-------+-------+-------+-------+----------------------

Table legend: (Time is in decaauts)
 A = Elapsed time spent in this place.
 B = Non-inter-level travel time spent in this place.
 C = Inter-level travel time spent in this place.
 D = Time resting spent in this place.
 E = Time spent auto-exploring this place.
 F = Levels seen in this place.
 G = Mean time per level.
                   A        B        C        D        E       F      G
               +--------+--------+--------+--------+--------+-----+--------+
         Total |   3719 |   3571 |    148 |    342 |   2673 |   5 |  743.8 |
       Dungeon |   3386 |   3238 |    148 |    225 |   2493 |   4 |  846.5 |
        Temple |    332 |    332 |      0 |    117 |    180 |   1 |  332.0 |
               +--------+--------+--------+--------+--------+-----+--------+

Top non-repeatable levels by time:
     D:2: 1371 daAuts
     D:1: 1057 daAuts
     D:3: 852 daAuts
  Temple: 332 daAuts
     D:4: 105 daAuts
